[Event "Late-Titled-Tuesday-Blitz-September-26-2023"]
[Site "Chess.com"]
[Date "2023.09.26"]
[Round "4"]
[White "Mykola-Bortnyk"]
[Black "as9killer2"]
[Result "1-0"]
[WhiteElo "2973"]
[BlackElo "2586"]
[TimeControl "180+1"]
[EndTime "14:37:48 PDT"]
[Termination "Mykola-Bortnyk won by checkmate"]

1. e4 d6 2. d4 Nf6 3. Nc3 e5 4. Nf3 Nbd7 5. Bc4 h6 6. a4 a5 7. h3 Be7 8. g4 c6 9. g5 hxg5 10. Nxg5 d5 11. exd5 cxd5 12. dxe5 Nxe5 13. Bb5+ Kf8 14.
Qd4 Nfg4 15. Qxd5 Bxg5 16. Bxg5 Qxg5 17. hxg4 Rxh1+ 18. Qxh1 Kg8 19. f3 Qe3+ 20. Be2 Nc4 21. Rd1 Bxg4 22. Kf1 Nxb2 23. Nd5 Qg5 24. fxg4 Nxd1 25.
Bxd1 Re8 26. Bf3 Qc1+ 27. Kf2 Qxc2+ 28. Kg3 Qd2 29. Be4 Qd4 30. Qh7+ Kf8 31. Qh8# 1-0

[Event "Late-Titled-Tuesday-Blitz-September-26-2023"]
[Site "Chess.com"]
[Date "2023.09.26"]
[Round "4"]
[White "Agibileg"]
[Black "maksimys18"]
[Result "1-0"]
[WhiteElo "2693"]
[BlackElo "2506"]
[TimeControl "180+1"]
[EndTime "14:37:49 PDT"]
[Termination "Agibileg won by checkmate"]

1. d4 e6 2. c4 d5 3. Nc3 Be7 4.
Nf3 Nf6 5. Bg5 O-O 6. e3 h6 7.
Bh4 b6 8. cxd5 Nxd5 9. Bxe7 Qxe7 10. Bd3 c5 11. O-O Bb7 12. e4 Nxc3 13. bxc3 cxd4 14. cxd4 Nd7 15. Re1 Rfd8 16. h3 Rac8 17. Qd2 Nf6 18. Rad1 Qa3 19. Bb1 Qc3 20. Qf4 a5 21. Re3 Qb4 22. a3 Qa4 23. Rde1 b5 24. e5 Nd7 25.
Nh4 Nf8 26. Rg3 Rxd4 27. Qf6 Ng6 28. Rxg6 fxg6 29. Qxe6+ Kh8 30. Nxg6+ Kh7 31. Nf8+ Kh8 32. Ng6+ Kh7 33. Ne7+ Kh8 34. Qf5 Be4 35. Qxc8+ Kh7 36.
Bxe4+ Rxe4 37. Qg8# 1-0

[Event "Late-Titled-Tuesday-Blitz-September-26-2023"]
[Site "Chess.com"]
[Date "2023.09.26"]
[Round "4"]
[White "rikchessmx"]
[Black "Saif_Malek04"]
[Result "0-1"]
[WhiteElo "2357"]
[BlackElo "2580"]
[TimeControl "180+1"]
[EndTime "14:37:49 PDT"]
[Termination "Saif_Malek04 won by checkmate"]

1. e4 c6 2. d4 d6 3. Be3 Nd7 4. Nc3 Qc7 5. f3 e5 6. Qd2 Ngf6 7. Bc4 Be7 8. Bb3 b5 9. g4 a5 10. a4 b4 11. Nce2 Ba6 12. Ng3 g6 13. g5 Nh5 14.
Nxh5 gxh5 15. Ne2 O-O-O 16. Bxf7 Rdf8 17. Bxh5 Nb6 18. b3 d5 19. O-O-O exd4 20. Nxd4 Qe5 21. Kb1 Kb7 22. f4 Qxe4 23. Bf3 Qg6 24. f5 Qe8 25. f6 Bc5 26. Rhe1 Qc8 27. Bf4 Qh3 28. Bg3 Nc4 29. bxc4 Bxc4 30. Ne6 Bb6 31. Nxf8 Rxf8 32. Re7+ Ka6 33.
Bf2 Qxf3 34. Bxb6 Qa3 35. c3 bxc3 36. Qc2 Kxb6 37. Qf2+ c5 38. Rde1 Qb3+ 39. Kc1 Qa3+ 40. Kb1 Bd3+ 41. Qc2 Qb2# 0-1

[Event "Late-Titled-Tuesday-Blitz-September-26-2023"]
[Site "Chess.com"]
[Date "2023.09.26"]
[Round "4"]
[White "The_Princess_Moon"]
[Black "MAGMAchess02"]
[Result "1-0"]
[WhiteElo "2279"]
[BlackElo "2353"]
[TimeControl "180+1"]
[EndTime "14:37:49 PDT"]
[Termination "The_Princess_Moon won by checkmate"]

1. e4 g6 2. d4 Bg7 3. Nf3 c6 4.
Nc3 d5 5. h3 dxe4 6. Nxe4 Nf6 7.
Bd3 O-O 8. Bg5 Nbd7 9. c3 Qc7 10.
O-O Nxe4 11. Bxe4 Nf6 12. Bc2 Nd5 13. Qd2 a5 14. Bh6 b5 15. a4 b4 16. c4 Nb6 17. b3 Rd8 18. Bxg7 Kxg7 19. Qe3 h6 20.
Rfe1 Be6 21. Ne5 Bc8 22. Qf3 e6 23. Qg4 h5 24. Qg5 Rg8 25. Re3 Nd7 26. Nxg6 fxg6 27.
Qxg6+ Kf8 28. Rf3+ Ke7 29. Rf7+ Kd6 30. c5+ Kd5 31.
Qe4# 1-0

[Event "Late-Titled-Tuesday-Blitz-September-26-2023"]
[Site "Chess.com"]
[Date "2023.09.26"]
[Round "4"]
[White "Zavgorodniy_Sergiy"]
[Black "UK_23"]
[Result "0-1"]
[WhiteElo "2591"]
[BlackElo "2464"]
[TimeControl "180+1"]
[EndTime "14:37:50 PDT"]
[Termination "UK_23 won on time"]

1. d4 d5 2. c4 e6 3. Nf3 Nf6 4. e3 Be7 5. Nbd2 O-O 6. Bd3 a6 7. O-O dxc4 8. Nxc4 b5 9. Nce5 Bb7 10. b3 c5 11. Bb2 Nbd7 12. Nxd7 Qxd7 13. dxc5 Bxf3 14.
gxf3 Rfd8 15. Be2 Qxd1 16. Rfxd1 Bxc5 17. a4 bxa4 18. bxa4 a5 19. Bb5 Bb4 20. Kf1 Nd5 21. Rac1 Rac8 22. f4 Kf8 23. Ba6 Rxc1 24. Rxc1 g6 25.
Ke2 Nxf4+ 26. Kf3 Nd3 27. Rb1 Nxb2 28. Rxb2 Ke7 29. Ke2 f5 30. Rc2 Kd6 31. Bb5 Ke5 32.
h3 g5 33. Kf3 h5 34. Ba6 g4+ 35. hxg4 fxg4+ 36. Kg3 Rg8 37. Be2 Be7 38. Rb2 h4+ 39.
Kg2 Bb4 40. Rc2 Bd6 41. Rc4 h3+ 42. Kg1 g3 43. fxg3 Rxg3+ 44. Kh1 Rxe3 45. Bf1 Kd5 46.
Rh4 h2 47. Kg2 Ra3 48. Rg4 Ra2+ 0-1

[Event "Late-Titled-Tuesday-Blitz-September-26-2023"]
[Site "Chess.com"]
[Date "2023.09.26"]
[Round "4"]
[White "Hikaru"]
[Black "Zhigalko_Sergei"]
[Result "0-1"]
[WhiteElo "3189"]
[BlackElo "2897"]
[TimeControl "180+1"]
[EndTime "14:37:52 PDT"]
[Termination "Zhigalko_Sergei won by resignation"]

1. Nf3 d5 2. e3 Nf6 3. b3 e6 4. Bb2 Bd6 5. c4 O-O 6. g3 c5 7. Bg2 Nc6 8. O-O Qe7 9. cxd5 exd5 10. Re1 Bg4 11. h3 Bh5 12. Nc3 Rad8 13. g4 Bg6 14. d4 Rfe8 15. Nb5 Bb8 16. dxc5 Ne4 17. Nbd4 Qxc5 18.
Rc1 Qd6 19. a3 h6 20. Nxc6 bxc6 21. b4 a5 22. Qd4 f6 23. h4 axb4 24. axb4 Qd7 25. g5 hxg5 26. hxg5 Bh5 27. Qd3 Qf5 28. Qe2 Nxg5 29. Nd4 Nh3+ 30. Bxh3 Qxh3 31. f3 Re5 32. Kf2 Rg5 33. Rh1 Rg2+ 34. Ke1 Qxh1+ 0-1

[Event "Late-Titled-Tuesday-Blitz-September-26-2023"]
[Site "Chess.com"]
[Date "2023.09.26"]
[Round "4"]
[White "MITerryble"]
[Black "bazar-wokzal"]
[Result "1-0"]
[WhiteElo "2938"]
[BlackElo "2680"]
[TimeControl "180+1"]
[EndTime "14:37:53 PDT"]
[Termination "MITerryble won by resignation"]

1. d4 Nf6 2. Bg5 e6 3. e4 h6 4.
Bxf6 Qxf6 5. c3 d5 6. Nd2 c5 7. e5 Qd8 8. Ngf3 Nc6 9. a3 Bd7 10. b4 cxd4 11. cxd4 Rc8 12. Be2 a5 13. b5 Na7 14. a4 Bb4 15. O-O O-O 16. Nb3 Rc3 17. Rc1 Nc8 18. Rxc3 Bxc3 19. Nc5 Qc7 20. Bd3 Ne7 21. Bb1 Bb4 22. Qd3 Ng6 23. Nh4 Be8 24. Nxg6 fxg6 25. Nxe6 Qc4 26. Qxc4 dxc4 27. Nxf8 Kxf8 28.
Be4 b6 29. d5 g5 30. d6 Bd7 31. f4 g4 32. f5 Bc3 33. e6 1-0

[Event "Late-Titled-Tuesday-Blitz-September-26-2023"]
[Site "Chess.com"]
[Date "2023.09.26"]
[Round "4"]
[White "DefiantChair"]
[Black "DuleMudule"]
[Result "0-1"]
[WhiteElo "2551"]
[BlackElo "2803"]
[TimeControl "180+1"]
[EndTime "14:37:53 PDT"]
[Termination "DuleMudule won by resignation"]

1. e4 c6 2. d4 d5 3. e5 Bf5 4.
Nf3 e6 5. Be2 h6 6. O-O Ne7 7. Nbd2 Bg6 8. a4 Nf5 9. Nb3 Nd7 10. h3 Be7 11. g4 Nh4 12. Nxh4 Bxh4 13. f4 Bh7 14. Be3 Qe7 15. Qd2 f6 16. Bd3 Bxd3 17.
Qxd3 O-O-O 18. a5 a6 19. c4 dxc4 20. Qxc4 h5 21. f5 exf5 22. gxf5 fxe5 23. d5 Bg5 24.
Bf2 Qf7 25. Rad1 Nf6 26. Nc5 Rxd5 27. Ne6 Bh6 28. Rxd5 Nxd5 29. Bc5 g6 30. Qe4 gxf5 31. Qxe5 Re8 32. Re1 Be3+ 33. Bxe3 Rxe6 34. Qh8+ Re8 35. Qd4 Qg6+ 36. Kf2 f4 37. Bd2 Qg3+ 38. Kf1 Qxh3+ 39.
Kf2 Qg3+ 40. Kf1 Qf3+ 41. Kg1 Rg8+ 0-1

[Event "Late-Titled-Tuesday-Blitz-September-26-2023"]
[Site "Chess.com"]
[Date "2023.09.26"]
[Round "4"]
[White "2k28Lakers"]
[Black "Beca95"]
[Result "0-1"]
[WhiteElo "2559"]
[BlackElo "2925"]
[TimeControl "180+1"]
[EndTime "14:37:56 PDT"]
[Termination "Beca95 won on time"]

1. e4 e5 2. Nf3 Nc6 3. Bc4 Nf6 4. d3 h6 5. c3 d6 6. a4 g5 7. Nbd2 Bg7 8. Nf1 Be6 9. Ne3 Qd7 10. Bxe6 fxe6 11.
h4 g4 12. Nd2 h5 13. a5 a6 14.
Qb3 O-O-O 15. Ndf1 d5 16. exd5 exd5 17. Ng3 Ne7 18. Qa4 c6 19. d4 exd4 20. cxd4 Ne8 21. Nc2 Nd6 22. O-O Bf6 23. Nb4 Bxh4 24. Nd3 Ne4 25. Ne5 Qe6 26. Bf4 Ng6 27. Nxg6 Qxg6 28.
Qb4 Rhf8 29. Be5 Rf7 30. Rac1 Nd6 31. b3 Nb5 32. Ne2 Be7 33. Qa4 Bd6 34. Qa1 h4 35.
Qb1 Qg5 36. Bxd6 Nxd6 37. Qd3 Rdf8 38. Rce1 Ne4 39. f3 gxf3 0-1

[Event "Late-Titled-Tuesday-Blitz-September-26-2023"]
[Site "Chess.com"]
[Date "2023.09.26"]
[Round "4"]
[White "Smiechu"]
[Black "Flawless_Fighter"]
[Result "1-0"]
[WhiteElo "2542"]
[BlackElo "2774"]
[TimeControl "180+1"]
[EndTime "14:37:56 PDT"]
[Termination "Smiechu won by resignation"]

1. e4 c6 2. d4 d5 3. f3 g6 4. Nc3 Bg7 5. Be3 Qb6 6. Qd2 Nf6 7. e5 Nfd7 8. Bd3 O-O 9. h4 f5 10. h5 f4 11. Bf2 Qxb2 12. Rb1 Qa3 13. hxg6 h6 14.
Nh3 Nxe5 15. dxe5 Bxe5 16. Rb3 Qa5 17. O-O Qc7 18. Re1 Bd6 19. g7 Rf7 20. Qe2 Rxg7 21. Kh2 e5 22. Nxf4 e4 23. Nxe4 Bxf4+ 24. g3 dxe4 25.
Qxe4 Bxg3+ 26. Kh1 Qd8 27. Bc4+ Kh8 28. Qe8+ Qxe8 29. Rxe8+ Kh7 30. Bd3+ Rg6 31. Bxg3 Na6 32. Re7+ 1-0

[Event "Late-Titled-Tuesday-Blitz-September-26-2023"]
[Site "Chess.com"]
[Date "2023.09.26"]
[Round "4"]
[White "dorpato"]
[Black "RIPOL"]
[Result "1/2-1/2"]
[WhiteElo "2029"]
[BlackElo "2404"]
[TimeControl "180+1"]
[EndTime "14:37:57 PDT"]
[Termination "Game drawn by repetition"]

1. e4 Nf6 2. Nc3 d5 3. exd5 Nxd5 4. Bc4 Nb6 5. Bb3 Nc6 6. Nge2 g6 7. O-O Bg7 8. d3 O-O 9. Be3 Na5 10. d4 Nbc4 11.
Bc1 b6 12. Qd3 Nxb3 13. axb3 Nd6 14. Bf4 Bb7 15. Nb5 Be4 16. Qe3 Bxc2 17. Bxd6 cxd6 18. Nxa7 Qd7 19. Rfc1 Rxa7 20. Rxa7 Qxa7 21. Rxc2 b5 22. g3 e5 23. Rd2 Ra8 24. Qd3 Qa1+ 25. Kg2 Qe1 26. Rd1 Qb4 27. dxe5 Bxe5 28. Nd4 Bxd4 29.
Qxd4 Qxb3 30. Rd3 Qc2 31. Rd2 Qc1 32. Qxd6 Ra1 33. Qd8+ Kg7 34. Qd4+ Kh6 35. Qf4+ Kg7 36. Qe5+ Kh6 37. Qe3+ Kg7 38. Qd4+ Kh6 39. Qh4+ Kg7 40. Qd4+ 1/2-1/2

[Event "Late-Titled-Tuesday-Blitz-September-26-2023"]
[Site "Chess.com"]
[Date "2023.09.26"]
[Round "4"]
[White "hurricane7791"]
[Black "reevecanada"]
[Result "0-1"]
[WhiteElo "2687"]
[BlackElo "2524"]
[TimeControl "180+1"]
[EndTime "14:37:58 PDT"]
[Termination "reevecanada won by resignation"]

1. d4 Nf6 2. c4 g6 3. Nc3 d5 4. h4 Bg7 5. cxd5 Nxd5 6. h5 Nxc3 7. bxc3 c5 8. Nf3 Nc6 9. d5 Bxc3+ 10. Bd2 Bxd2+ 11.
Qxd2 Nb4 12. hxg6 fxg6 13. e4 Qa5 14. Rc1 b6 15. Qd1 Nd3+ 16. Ke2 Nxc1+ 17. Qxc1 Ba6+ 18. Ke3 Bxf1 19. Qxf1 Qa3+ 20. Kf4 O-O-O 21. Qb5 Rdf8+ 22. Kg3 Kb8 23. Qd7 c4 24. e5 c3 25.
Nd4 c2+ 26. Kh2 Rxf2 27. Nb5 Qa6 28. Nd4 Qb7 29. Nc6+ Ka8 30. Qe6 Rhf8 31. Rc1 a6 32. Nd4 Qc7 33. Nc6 Kb7 34. a4 R8f6 35. Nd8+ Qxd8 36. exf6 Rxf6 37. Qe4 Qd6+ 38. Kh1 Rf4 39. Qxc2 Rh4+ 40. Kg1 Qh2+ 41. Kf2 Rf4+ 42. Ke3 Qg3+ 43. Ke2 Rf2+ 0-1

[Event "Late-Titled-Tuesday-Blitz-September-26-2023"]
[Site "Chess.com"]
[Date "2023.09.26"]
[Round "4"]
[White "ukchessbomber"]
[Black "Taran2004"]
[Result "1-0"]
[WhiteElo "2663"]
[BlackElo "2447"]
[TimeControl "180+1"]
[EndTime "14:37:58 PDT"]
[Termination "ukchessbomber won by resignation"]

1. a4 g6 2. g3 Bg7 3. Bg2 Nf6 4. Nc3 O-O 5. d3 c5 6. Bd2 Nc6 7. Qc1 d5 8. Bh6 d4 9. Nd1 e5 10. h4 e4 11. dxe4 c4 12. h5 d3 13. Bxg7 Kxg7 14.
hxg6 fxg6 15. Qh6+ Kg8 16. cxd3 cxd3 17. Nc3 Be6 18. O-O-O Qb6 19. Rxd3 Ne5 20. Nh3 Nxd3+ 21. exd3 Ng4 22. Qh4 h5 23. Qg5 Bf7 24. Nf4 Nxf2 25. Rxh5 Qe3+ 26. Kc2 Nxd3 27. Nxd3 Qxg5 28. Rxg5 Rad8 29.
Nf4 Kg7 30. e5 Rfe8 31. e6 Bxe6 32. Rxg6+ Kf7 33. Rxe6 Rxe6 34. Nxe6 Kxe6 35. Bxb7 Rg8 36. Bd5+ Kd6 37. Bxg8 1-0

[Event "Late-Titled-Tuesday-Blitz-September-26-2023"]
[Site "Chess.com"]
[Date "2023.09.26"]
[Round "4"]
[White "Mbneu"]
[Black "RonArtest77"]
[Result "0-1"]
[WhiteElo "2256"]
[BlackElo "2494"]
[TimeControl "180+1"]
[EndTime "14:38:01 PDT"]
[Termination "RonArtest77 won by resignation"]

1. d4 d5 2. c4 e6 3. Nc3 c6 4. e4 dxe4 5. Nxe4 Bb4+ 6. Bd2 Bxd2+ 7.
Qxd2 Nf6 8. Nc3 c5 9. Nf3 cxd4 10. Qxd4 Qxd4 11. Nxd4 a6 12. Be2 Ke7 13. Bf3 Rd8 14.
Rd1 Nbd7 15. O-O Ne5 16. Be2 Bd7 17. h3 Rac8 18. b3 b5 19. f4 Ng6 20. f5 Ne5 21. fxe6 fxe6 22. Rfe1 bxc4 23. b4 Ng6 24. Bf3 Kf7 25.
a4 Rb8 26. b5 axb5 27. axb5 Ne7 28. Nc6 Bxc6 29. bxc6 Rxd1 30. Rxd1 Rc8 31. Ra1 Nxc6 32. Ra6 Ne5 33. Ra7+ Kg8 34. Be2 Nd5 35. Nb5 c3 0-1

[Event "Late-Titled-Tuesday-Blitz-September-26-2023"]
[Site "Chess.com"]
[Date "2023.09.26"]
[Round "4"]
[White "Sulthankan"]
[Black "jk13"]
[Result "0-1"]
[WhiteElo "2337"]
[BlackElo "2620"]
[TimeControl "180+1"]
[EndTime "14:38:03 PDT"]
[Termination "jk13 won by resignation"]

1. d4 Nf6 2. c4 e6 3. Nf3 Bb4+ 4. Nbd2 O-O 5. a3 Be7 6. e4 d5 7. e5 Nfd7 8. Bd3 c5 9. h4 g6 10. h5 Nc6 11. cxd5 exd5 12. Qe2 Qe8 13. Nf1 cxd4 14. Ng3 Nc5 15. Bh6 Bg4 16. hxg6 fxg6 17. Bxf8 Bxf8 18. O-O Bxf3 19. Qxf3 Nxd3 20. Qxd3 Qxe5 21. Rae1 Qd6 22.
Ne2 Bg7 23. Qb5 Rb8 24. Nc1 a6 25. Qb3 Ne5 26. Nd3 Nc4 27. Re2 b5 28. Qd1 Rf8 29. b3 Ne5 30. Nxe5 Bxe5 31. g3 Bg7 32. Qd3 Qxa3 33.
f4 Qd6 34. Rfe1 Qc7 35. Qf3 Qc5 36. Re7 d3+ 37. Kg2 d2 38. R1e6 Qc2 39. Re2 d1=Q 40. Rxc2 Qxc2+ 41. Kh3 Qf5+ 42. g4 Qxf4 43. Qxd5+ Kh8 0-1

[Event "Late-Titled-Tuesday-Blitz-September-26-2023"]
[Site "Chess.com"]
[Date "2023.09.26"]
[Round "4"]
[White "Kazmin_Semyon"]
[Black "Zampronha1971"]
[Result "0-1"]
[WhiteElo "2467"]
[BlackElo "2284"]
[TimeControl "180+1"]
[EndTime "14:38:05 PDT"]
[Termination "Zampronha1971 won on time"]

1. e4 c5 2. Nf3 e6 3. d4 cxd4 4. Nxd4 Nc6 5. Nc3 Qc7 6. Nb3 Nf6 7. g4 d6 8. g5 Nd7 9. Bg2 a6 10. O-O h6 11. Re1 hxg5 12. Bxg5 Be7 13. Bf4 Nce5 14. Bg3 b5 15. f4 Nc4 16. Qd4 Kf8 17. e5 Bb7 18. Ne4 Bxe4 19. Qxe4 d5 20. Qf3 g6 21. Rab1 Nc5 22. Nxc5 Bxc5+ 23. Kh1 Kg7 24. Qd3 Rac8 25. b3 Na3 26. Rbc1 Be7 27. Re2 Qc3 28. Qd1 Qxg3 29. h3 Rc3 30. Qf1 Bc5 31. f5 gxf5 32.
Rd1 b4 33. Rdd2 Kf8 34. Rd1 Nb5 35. Red2 Nc7 36. Rd3 Rxd3 37. Rxd3 Qxe5 38. Qd1 Rg8 39. Qf1 Nb5 0-1

[Event "Late-Titled-Tuesday-Blitz-September-26-2023"]
[Site "Chess.com"]
[Date "2023.09.26"]
[Round "4"]
[White "Dacean99"]
[Black "vugarrasulov"]
[Result "0-1"]
[WhiteElo "2562"]
[BlackElo "2946"]
[TimeControl "180+1"]
[EndTime "14:38:06 PDT"]
[Termination "vugarrasulov won on time"]

1. d4 Nf6 2. Nf3 d5 3. c4 c6 4. Nc3 e6 5. e3 Nbd7 6. Bd3 dxc4 7. Bxc4 b5 8. Bd3 a6 9. Qc2 c5 10. O-O Bb7 11. Rd1 Qb6 12. Be2 Rc8 13. a3 Be7 14. Bd2 O-O 15. Rac1 Rfd8 16. Be1 cxd4 17. exd4 h6 18. h3 Nf8 19. Bd2 Ng6 20. Be3 Nd5 21.
Nxd5 Bxd5 22. Qd2 Qb7 23. Rxc8 Rxc8 24. Rc1 Bd6 25. Rxc8+ Qxc8 26. Ne1 Qc6 27. Bf3 Ne7 28. Qd1 Bxf3 29. Nxf3 Nd5 30. Qd2 Qc4 31. g3 a5 32.
Ne5 Bxe5 33. dxe5 b4 34. axb4 axb4 35. Qd4 Qe2 36. Bd2 b3 37. Bc3 Qf3 38. Bd2 Qf5 39. Kg2 Qc2 40. Bf4 Kh7 41. h4 Nc3 42. Qd7 Nd1 43. Qxf7 Qxf2+ 44. Kh3 Qf1+ 45. Kh2 Qe2+ 46. Kg1 Qg4 47. h5 Nxb2 48. Qe7 Nd3 49. Qa3 Qd1+ 0-1

[Event "Late-Titled-Tuesday-Blitz-September-26-2023"]
[Site "Chess.com"]
[Date "2023.09.26"]
[Round "4"]
[White "orestn"]
[Black "aNaartjieZA"]
[Result "0-1"]
[WhiteElo "2427"]
[BlackElo "2599"]
[TimeControl "180+1"]
[EndTime "14:38:06 PDT"]
[Termination "aNaartjieZA won by resignation"]

1. e4 e6 2. d4 d5 3. Nc3 Bb4 4.
e5 c5 5. a3 Bxc3+ 6. bxc3 Ne7 7.
h4 Qc7 8. Nf3 b6 9. Bb5+ Bd7 10.
Bd3 c4 11. Be2 Ba4 12. h5 h6 13. Nh4 Nbc6 14. Be3 Kd7 15. Kd2 Qd8 16. g4 Qg8 17. f4 Qh7 18. Rf1 f6 19. Ra2 fxe5 20. dxe5 Rhf8 21. Kc1 Kc7 22. Qd2 Rad8 23. Bd4 Nxd4 24.
cxd4 Kb7 25. Qb4 Nc6 26. Qxa4 Nxd4 27. Bd1 Qe4 28. Ng6 Rf7 29. Qb4 c3 30. Qxc3 Rc7 31.
Qg3 Rdc8 32. Qf2 Nb5 33. Re1 Qc4 34. Rb2 Nxa3 35. f5 exf5 36. gxf5 Qa4 37. Qg2 Nc4 38. Qxd5+ Kb8 39. Kb1 Nxb2 40. Kxb2 Qb4+ 41. Qb3 Qxe1 42. e6 Qxd1 43. c4 Qd2+ 44. Qc2 Qd4+ 45. Qc3 Qf2+ 46. Qc2 Qc5 47. e7 Rxe7 48. Nxe7 Qxe7 0-1

[Event "Late-Titled-Tuesday-Blitz-September-26-2023"]
[Site "Chess.com"]
[Date "2023.09.26"]
[Round "4"]
[White "Gogolev_Artemy"]
[Black "lucasmito"]
[Result "0-1"]
[WhiteElo "2396"]
[BlackElo "2732"]
[TimeControl "180+1"]
[EndTime "14:38:06 PDT"]
[Termination "lucasmito won on time"]

1. c4 e5 2. Nc3 Nf6 3. Nf3 Nc6 4. g3 d5 5. cxd5 Nxd5 6. Bg2 Nf6 7. O-O h6 8. b3 Bc5 9. Bb2 O-O 10. Rc1 Re8 11. d3 Bg4 12. h3 Bh5 13. g4 Bg6 14. Nh4 Bh7 15. Nf5 Bxf5 16. gxf5 Nd4 17. Ne4 Bb6 18. Nxf6+ Qxf6 19. e3 Nxf5 20. Bxb7 Rad8 21. Qg4 Rxd3 22. Be4 Rd2 23. Bc3 Rxf2 24. Rxf2 Nxe3 25. Qf3 Qxf3 26.
Rxf3 f5 27. Bb1 e4 28. Rf2 Nd5 29. Kg2 g5 30. Re2 Nf4+ 31. Kf1 Nxe2 32. Kxe2 f4 33. Bf6 Kf7 34. Bb2 f3+ 35. Kf1 e3 0-1

[Event "Late-Titled-Tuesday-Blitz-September-26-2023"]
[Site "Chess.com"]
[Date "2023.09.26"]
[Round "4"]
[White "Andrei_Skvortsov"]
[Black "Cambek64"]
[Result "1-0"]
[WhiteElo "2676"]
[BlackElo "2472"]
[TimeControl "180+1"]
[EndTime "14:38:07 PDT"]
[Termination "Andrei_Skvortsov won by resignation"]

1. e4 c6 2. c4 d5 3. cxd5 cxd5 4. e5 Nc6 5. d4 Bf5 6. Bd3 Bxd3 7. Qxd3 e6 8. Nf3 Qb6 9. O-O Nge7 10. Nc3 Nf5 11.
Nxd5 Qd8 12. Nc3 Nfxd4 13. Rd1 Nxf3+ 14. Qxf3 Qa5 15. Ne4 Qxe5 16. Bf4 Qf5 17. Rac1 Rc8 18. g4 Qg6 19. Qd3 Qxg4+ 20. Bg3 Rd8 21. Qc2 Rxd1+ 22.
Rxd1 Be7 23. Qa4 f5 24. Nd6+ Bxd6 25. Qxg4 fxg4 26. Bxd6 h5 27. Bf4 Rf8 28. Be3 Rf5 29. Kf1 Rd5 30. Rc1 Kd7 31. Kg2 g5 32. a3 b6 33. Kg3 Ne7 34. Kg2 Ng6 35. Kf1 Nf4 36. b4 e5 37. a4 Kd6 38. a5 bxa5 39. Bc5+ Kd7 40. bxa5 a6 41. Bb6 h4 42. Rc7+ Ke6 43.
Ke1 Rd1+ 44. Kxd1 1-0

[Event "Late-Titled-Tuesday-Blitz-September-26-2023"]
[Site "Chess.com"]
[Date "2023.09.26"]
[Round "4"]
[White "schack_vit"]
[Black "lefonghua"]
[Result "1/2-1/2"]
[WhiteElo "2465"]
[BlackElo "2632"]
[TimeControl "180+1"]
[EndTime "14:38:10 PDT"]
[Termination "Game drawn by repetition"]

1. c4 Nf6 2. g3 g6 3. Bg2 Bg7 4. Nc3 O-O 5. Nf3 d6 6. O-O c5 7.
a3 Nc6 8. Rb1 b6 9. Ne5 Nxe5 10.
Bxa8 Bf5 11. Bg2 Bxb1 12. Nxb1 Nxc4 13. b4 d5 14. bxc5 bxc5 15. d4 cxd4 16. Qxd4 Qb6 17. Qxb6 axb6 18. Nc3 e6 19. e4 d4 20. Nb5 e5 21. f4 Ng4 22. fxe5 Bxe5 23. Bf4 Bxf4 24.
gxf4 Nge3 25. Rc1 d3 26. Bf3 d2 27. Rb1 Rd8 28. Nc3 Nxa3 29. Ra1 Nac2 30. Rb1 Nd4 31. Kf2 Nxf3 32. Kxe3 Nxh2 33. Nd5 Nf1+ 34. Rxf1 f5 35. Rd1 fxe4 36. Rxd2 Kf7 37. Kxe4 Re8+ 38. Kf3 Rd8 39. Rd3 h6 40. Nb4 Rxd3+ 41. Nxd3 Kf6 42. Ke4 b5 43. Nb4 h5 44. Nd5+ Ke6 45. Nc7+ Kf6 46. Nxb5 g5 47. f5 h4 48. Nc3 h3 49. Nd5+ Kf7 50.
Kf3 g4+ 51. Kg3 Kg7 52. f6+ Kf7 53. Kh2 Ke6 54. Kg3 Kf7 55. Kh2 Ke6 56. Kg3 Kf7 1/2-1/2

[Event "Late-Titled-Tuesday-Blitz-September-26-2023"]
[Site "Chess.com"]
[Date "2023.09.26"]
[Round "4"]
[White "WPWPWP-2015"]
[Black "CURRUTACO59"]
[Result "1-0"]
[WhiteElo "2491"]
[BlackElo "2254"]
[TimeControl "180+1"]
[EndTime "14:38:10 PDT"]
[Termination "WPWPWP-2015 won on time"]

1. e4 e5 2. Nf3 Nc6 3. Bb5 Bc5 4.
O-O Nd4 5. Nxd4 Bxd4 6. c3 Bb6 7. d4 c6 8. Bc4 d6 9. Kh1 Nf6 10. f4 exd4 11. e5 Nd5 12. cxd4 O-O 13. Nc3 Nxc3 14. bxc3 Bf5 15. Bd3 Bxd3 16. Qxd3 dxe5 17.
fxe5 Qd5 18. Be3 Rad8 19. Qe2 Qe4 20. Rf4 Qg6 21. Rg4 Qe6 22. h3 f6 23. Bf4 Bc7 24.
Bh6 Rd7 25. Re4 fxe5 26. Bf4 Qf5 27. dxe5 Re7 28. Bg3 Qe6 29. Re1 h6 30. a4 Rfe8 31. c4 Bb6 32. Bf4 Ba5 33. Rd1 Bb6 34. Qf3 Qf5 35.
Qe2 Bc7 36. Re1 Ba5 37. Rf1 Bc7 38. Bg3 Qe6 39. Re1 Qg6 40. Kh2 Ba5 41. Rd1 Bc7 42. Rf1 Bb6 43. Rf3 Bc7 44. c5 1-0

[Event "Late-Titled-Tuesday-Blitz-September-26-2023"]
[Site "Chess.com"]
[Date "2023.09.26"]
[Round "4"]
[White "canary2016"]
[Black "ejalmedina"]
[Result "0-1"]
[WhiteElo "2128"]
[BlackElo "2317"]
[TimeControl "180+1"]
[EndTime "14:38:10 PDT"]
[Termination "ejalmedina won by checkmate"]

1. e4 e5 2. Nf3 Nc6 3. d4 exd4 4. Nxd4 Bb4+ 5. c3 Bc5 6. Be3 Bb6 7. Bc4 Nge7 8. O-O O-O 9. Nd2 Nxd4 10. Bxd4 Bxd4 11.
cxd4 d5 12. exd5 Nxd5 13. Nf3 c6 14. Rc1 Nb6 15. Bd3 Be6 16. Qc2 g6 17. Rcd1 Bd5 18. Ne5 Kg7 19. Qd2 Qh4 20. Be2 Rad8 21. Ng4 Nc4 22. Qf4 f5 23. Bxc4 fxg4 24. Qe5+ Qf6 25. Bxd5 Rxd5 26. Qe4 h5 27. Qe3 Rf7 28. Rfe1 Rfd7 29.
Qe8 Rxd4 30. Rxd4 Qxd4 31. Re7+ Rxe7 32. Qxe7+ Kh6 33. Qf8+ Qg7 34. Qf4+ Kh7 35. Qd2 Qe7 36. Qc2 Qe1# 0-1

[Event "Late-Titled-Tuesday-Blitz-September-26-2023"]
[Site "Chess.com"]
[Date "2023.09.26"]
[Round "4"]
[White "ferdipy"]
[Black "Eloist"]
[Result "1-0"]
[WhiteElo "2333"]
[BlackElo "2486"]
[TimeControl "180+1"]
[EndTime "14:38:11 PDT"]
[Termination "ferdipy won on time"]

1. e4 e6 2. d4 d5 3. e5 c5 4. c3 Qb6 5. Nf3 Bd7 6. Na3 cxd4 7. cxd4 Nc6 8. Nc2 Nb4 9. Na3 Rc8 10. Be2 Ne7 11. O-O Nf5 12. Be3 Be7 13. g4 Nxe3 14. fxe3 O-O 15. h4 f6 16. exf6 Bxf6 17. g5 Be7 18.
Ne5 Rxf1+ 19. Qxf1 Rf8 20. Qh3 Bc8 21. Rf1 Qd8 22. Nb5 a6 23. Nc3 Bd6 24. g6 Bxe5 25.
gxh7+ Kh8 26. dxe5 Rxf1+ 27. Qxf1 Qe7 28. Qf4 Bd7 29.
a3 Nc6 30. e4 d4 31. Nd1 Kxh7 32. Nf2 Be8 33. Bg4 Qf7 34. Qg5 Qc7 35. Nd3 Qe7 36.
Qxe7 Nxe7 37. Bxe6 Bc6 38. Nf2 Ng6 39. Bf5 Kh6 40.
Ng4+ Kh5 41. e6 Nxh4 42. Ne5 g6 43. Nxc6 bxc6 44. e7 1-0

[Event "Late-Titled-Tuesday-Blitz-September-26-2023"]
[Site "Chess.com"]
[Date "2023.09.26"]
[Round "4"]
[White "traack"]
[Black "glebus008"]
[Result "1-0"]
[WhiteElo "2400"]
[BlackElo "2271"]
[TimeControl "180+1"]
[EndTime "14:38:11 PDT"]
[Termination "traack won by resignation"]

1. e4 c5 2. Nf3 d6 3. d4 cxd4 4. Nxd4 Nf6 5. Nc3 Nc6 6. Bg5 e6 7. Qd2 a6 8. O-O-O Bd7 9. f3 Nxd4 10. Qxd4 b5 11. Kb1 Be7 12. Qd2 b4 13. Ne2 h6 14.
Be3 e5 15. Ng3 Qa5 16. Bc4 Be6 17. Bb3 Qb5 18. Nf5 Bxf5 19. exf5 a5 20. Bd5 Rc8 21. g4 a4 22. h4 a3 23. Bb3 axb2 24. g5 Nd7 25. g6 fxg6 26. fxg6 Rf8 27. Bf7+ Rxf7 28.
gxf7+ Kxf7 29. Qd5+ Qxd5 30. Rxd5 Rc3 31. Rd3 Rxd3 32.
cxd3 d5 33. h5 d4 34. Bd2 Nf6 35. Kxb2 Nd5 36. Kb3 Ke6 37. Rg1 Kf5 38. Rxg7 Bf6 39. Rd7 Nf4 40. Bxf4 Kxf4 41. Rf7 Kg5 42. Rxf6 Kxf6 43.
Kxb4 Kf5 44. a4 Kf4 45. a5 Ke3 46. a6 Kxd3 47. a7 Kc2 48. a8=Q d3 49. Qe4 Kd2 50. Qxe5 Kc1 51. Qe1+ 1-0